 Dungeon Crawl Stone Soup version 0.31.0-12-g77e489cdc1 (webtiles) character file.

Game seed: 8114473124351004879

4709 Gadfly the Cudgeller (level 10, -19/61 HPs)
             Began as a Gargoyle Fighter on Mar 7, 2024.
             Was a Follower of the Shining One.
             Demolished by a two-headed ogre
             ... wielding a +0 giant club
              (25 damage)
             ... on level 9 of the Dungeon on Mar 8, 2024.
             The game lasted 00:13:04 (7083 turns).

Gadfly the Cudgeller (Gargoyle Fighter)             Turns: 7083, Time: 00:13:05

Health: -19/61     AC: 25    Str: 26    XL:     10   Next: 45%
Magic:  15/15      EV:  8    Int:  8    God:    the Shining One [*.....]
Gold:   813        SH:  6    Dex: 20    Spells: 9/9 levels left

rFire   . . .        a - +9 flail of the Muttering Priest {holy, *Noise Str+3 Dex+3}
rCold   + . .        c - +0 buckler
rNeg    + . .        t - +0 chain mail
rPois   ∞            n - +1 helmet
rElec   +            (no cloak)
rCorr   .            h - +0 pair of gloves
SInv    .            e - +3 pair of mountain boots {steadfast, rC+}
Will    .....        (no amulet) Stlth
                     g - +6 ring of dexterity
HPRegen 0.30/turn    B - ring of flight
MPRegen 0.14/turn

%: no passive effects
@: about to teleport, flying, glowing
A: sickness immunity, AC +7, negative energy resistance 1, electricity
resistance, torment resistance 1, petrification resistance
a: Renounce Religion, Divine Shield


You were on level 9 of the Dungeon.
You worshipped the Shining One.
The Shining One was aware of your devotion.
You visited 2 branches of the dungeon, and saw 10 of its levels.
You also visited: Ossuary.

You collected 813 gold pieces.

Inventory:

Hand Weapons
 a - the +9 flail of the Muttering Priest (weapon) {holy, *Noise Str+3 Dex+3}
   (You found it on level 8 of the Dungeon)

   Str+3:     It affects your strength (+3).
   Dex+3:     It affects your dexterity (+3).
   *Noise:    It may make a loud noise when swung.
 b - a +1 hand axe of venom
 u - a +2 flail of holy wrath
 y - a +4 mace
 E - a +4 antimagic whip
Armour
 c - a +0 buckler (worn)
 e - the +3 pair of mountain boots (worn) {steadfast, rC+}
   (You acquired it on level 1 of the Dungeon)

   Steadfast: It prevents involuntary movement, except for blinking,
   teleportation, or banishment.
   rC+:       It protects you from cold.
 h - a +0 pair of gloves (worn)
 n - a +1 helmet (worn)
 t - a +0 chain mail (worn)
Jewellery
 g - a +6 ring of dexterity (left hand)
 B - a ring of flight (right hand)
Wands
 l - a wand of flame (7) (quivered)
 r - a wand of iceblast (8)
Scrolls
 f - a scroll of enchant armour
 p - 3 scrolls of teleportation
 q - a scroll of blinking
 v - a scroll of butterflies
 w - a scroll of enchant weapon
 x - a scroll of vulnerability
 C - 3 scrolls of revelation
Potions
 d - 3 potions of might
 i - 2 potions of lignification
 j - a potion of cancellation
 k - 5 potions of curing
 m - a potion of heal wounds
 o - 3 potions of enlightenment
 z - a potion of berserk rage
 A - 2 potions of resistance
 D - 3 potions of ambrosia


   Skills:
 + Level 6.7 Fighting
 * Level 7.5 Maces & Flails
 + Level 6.5 Armour
 + Level 6.5 Shields
 + Level 6.7 Invocations
 * Level 6.4 Evocations


You had 9 spell levels left.
You didn't know any spells.
Your spell library contained the following spells:

 Spells                   Type           Power      Damage    Failure   Level
 Apportation              Tloc           0%         N/A       92%         1
 Necrotise                Necr           0%         1d4       92%         1
 Sting                    Conj/Alch      0%         1d3       92%         1
 Summon Small Mammal      Summ           0%         N/A       92%         1
 Call Canine Familiar     Summ           0%         N/A       100%        3
 Sigil of Binding         Hex            0%         N/A       100%        3
 Dimensional Bullseye     Hex/Tloc       0%         N/A       100%        4


Dungeon Overview and Level Annotations

Branches:
Dungeon (9/15)             Temple (1/1) D:7         Ossuary (visited)
   Lair: D:8-11         Orc: D:9-12

Altars:
Ashenzari
Cheibriados
Dithmenos
Elyvilon
Fedhas
Gozag
Hepliaklqana
Kikubaaqudgha
Makhleb
Nemelex Xobeh
Okawaru
Qazlal
Ru
Sif Muna
Trog
Uskayaw
Vehumet
Wu Jian
Xom
Yredelemnul
Zin
The Shining One

Shops:
D:5 (((   D:6 (

Annotations:
D:4 2 transporters, hawkwood's ghost, amateur MiAr


Innate Abilities, Weirdness & Mutations

You are immune to sickness and miasma.
Your stone body is resilient. (AC +7)
You are immune to poison.
You resist negative energy. (rN+)
You are resistant to electric shocks. (rElec)
You are resistant to unholy torment.
You are immune to petrification.


Message History

The gnoll hits you but does no damage.
The gnoll hits you from afar with a +0 spear.
* * * LOW HITPOINT WARNING * * *
You bludgeon the acid dragon!!
You kill the acid dragon!
The gnoll barely misses you. The gnoll hits you but does no damage.
You see here a +0 whip.
You sock the gnoll!
You kill the gnoll!
An orc and a centaur warrior come into view.
The centaur warrior shouts!
You hear a shout!
The centaur warrior wields a +0 orcbow.
The centaur warrior shoots an arrow.
The arrow completely misses you.
The centaur warrior shoots an arrow.
The arrow hits you.
* * * LOW HITPOINT WARNING * * *
The centaur warrior shoots an arrow.
The arrow hits you! The Shining One protects you from harm!
You hear a shout!
An orc comes into view. It is wielding a +0 dagger.
The centaur warrior shoots an arrow.
The arrow hits you.
* * * LOW HITPOINT WARNING * * *
The centaur warrior shoots an arrow.
You block the arrow.
An orc comes into view. It is wielding a +0 flail.
The orc shouts!
You hear a shout! x2
You are no longer corroded.
The centaur warrior shoots an arrow.
The arrow hits you.
* * * LOW HITPOINT WARNING * * *
You feel much better.
The centaur warrior shoots an arrow.
The arrow hits you.
The centaur warrior shoots an arrow.
The arrow hits you but does no damage.
As you read the scroll of teleportation, it crumbles to dust.
You feel strangely unstable.
The two-headed ogre attacks as it pursues you!
The two-headed ogre hits you with a +0 giant club!!
* * * LOW HITPOINT WARNING * * *
You block the two-headed ogre's attack.
The two-headed ogre attacks as it pursues you!
The two-headed ogre hits you with a +0 giant club!!
You die...

'..'..#......≈#≈#.#
#######o#.##≈..#≈.≈
#.#.#≈#...#≈#
#o....≈#...#.
#..####≈#...# #c##
##≈#.#≈ #.#
##≈#.#≈#
..##########o#
#≈#...#≈
.......@O.c..#
##≈#...#
...###########
##≈#... ##≈#.#
##≈#≈ ##≈# ###


You could see a centaur warrior, a two-headed ogre and an orc.

Vanquished Creatures
  The ghost of Frankenspoon the Caller, a novice OpBr of Gozag (D:8)
  An ugly thing (D:8)
  A gargoyle (D:7)
  Eustachio (D:4)
  A wyvern (D:9)
  A steam dragon (D:8)
  An acid dragon (D:9)
  Edmund (D:4)
  2 water moccasins
  3 black bears
  2 orc warriors
  3 ogres
  An ice beast (D:7)
  A phantom (D:5)
  2 kobold brigands
  Blork the orc (D:6)
  2 elf zombies (Ossuary)
  A bullfrog (D:8)
  2 gnoll sergeants
  2 scorpions (D:6)
  2 burial acolytes (Ossuary)
  3 wights (D:7)
  An electric eel (D:8)
  A human zombie (Ossuary)
  3 orc priests
  A hound (D:5)
  2 gnoll boudas
  5 iguanas
  6 orc wizards
  A sleepcap (D:8)
  2 mummies (Ossuary)
  14 gnolls
  4 adders
  A shadow imp (D:6)
  5 white imps
  A ribbon worm (D:3)
  A dart slug (D:5)
  18 orcs
  2 ball pythons
  4 bats
  4 endoplasms
  4 giant cockroaches
  8 goblins
  13 hobgoblins
  6 jackals (D:1)
  10 kobolds
  4 quokkas
  3 frilled lizards
  A kobold zombie (Ossuary)
  An orc zombie (Ossuary)
  9 rats
170 creatures vanquished.

Notes
Turn   | Place    | Note
-------+----------+-------------------------------------------
     0 | D:1      | Gadfly the Gargoyle Fighter began the quest for the Orb.
     0 | D:1      | Reached XP level 1. HP: 14/14 MP: 1/1
    73 | D:1      | Reached XP level 2. HP: 19/19 MP: 2/2
   209 | D:1      | Reached skill level 1 in Invocations
   293 | D:1      | Reached XP level 3. HP: 21/23 MP: 3/3
   712 | D:1      | Reached skill level 1 in Evocations
   802 | D:1      | Identified a scroll of acquirement
   802 | D:1      | Acquired the +3 pair of mountain boots {steadfast, rC+}
   802 | D:1      | Found the +3 pair of mountain boots {steadfast, rC+}
   867 | D:2      | Identified the +1 sling "Gapiriklo" {freeze, Str+2}
   911 | D:2      | Found a faded altar of an unknown god.
  1247 | D:2      | Reached XP level 4. HP: 28/28 MP: 3/5
  1596 | D:3      | Found a shadowy altar of Dithmenos.
  2307 | D:4      | Reached skill level 3 in Maces & Flails
  2307 | D:4      | Reached XP level 5. HP: 22/33 MP: 6/6
  2460 | D:4      | Found an ornate altar of the Wu Jian Council.
  2588 | D:4      | Noticed Eustachio
  2619 | D:4      | Killed Eustachio
  2620 | D:4      | Reached XP level 6. HP: 28/38 MP: 6/8
  2807 | D:4      | Found a transporter.
  2808 | D:4      | Noticed an orc warrior
  2813 | D:4      | Noticed hawkwood's ghost (amateur MiAr)
  2826 | D:4      | Found a transporter.
  2847 | D:4      | Noticed Edmund
  2866 | D:4      | Killed Edmund
  3130 | D:5      | Entered Level 5 of the Dungeon
  3217 | D:5      | Reached XP level 7. HP: 39/43 MP: 9/9
  3234 | D:5      | Found Cucoaxua's Weapon Emporium.
  3301 | D:5      | Found Ytyvumin's Antique Weapon Shop.
  3356 | D:5      | Reached skill level 4 in Maces & Flails
  3553 | D:5      | Found Arghe's Weapon Boutique.
  3907 | D:6      | Reached XP level 8. HP: 35/48 MP: 11/11
  3980 | D:6      | Found a sand-covered staircase.
  4027 | Ossuary  | Entered an ossuary
  4027 | Ossuary  | Found a huge runed translucent gate.
  4027 | Ossuary  | Found a huge runed translucent gate.
  4027 | Ossuary  | Found a huge runed translucent gate.
  4027 | Ossuary  | Found a huge runed translucent gate.
  4027 | Ossuary  | Found a huge runed translucent gate.
  4027 | Ossuary  | Found a huge runed translucent gate.
  4027 | Ossuary  | Found a huge runed translucent gate.
  4027 | Ossuary  | Found a huge runed translucent gate.
  4028 | Ossuary  | Found a huge runed translucent gate.
  4028 | Ossuary  | Found a huge runed translucent gate.
  4028 | Ossuary  | Found a huge runed translucent gate.
  4029 | Ossuary  | Found a huge runed translucent gate.
  4029 | Ossuary  | Found a huge runed translucent gate.
  4031 | Ossuary  | Found a huge runed translucent gate.
  4031 | Ossuary  | Found a huge runed translucent gate.
  4152 | Ossuary  | Found a huge runed translucent gate.
  4152 | Ossuary  | Found a huge runed translucent gate.
  4152 | Ossuary  | Found a huge runed translucent gate.
  4152 | Ossuary  | Found a huge runed translucent gate.
  4153 | Ossuary  | Found a huge runed translucent gate.
  4153 | Ossuary  | Found a huge runed translucent gate.
  4153 | Ossuary  | Found a huge runed translucent gate.
  4155 | Ossuary  | Found a huge runed translucent gate.
  4155 | Ossuary  | Found a huge runed translucent gate.
  4156 | Ossuary  | Found a huge runed translucent gate.
  4157 | Ossuary  | Found a huge runed translucent gate.
  4157 | Ossuary  | Found a huge runed translucent gate.
  4157 | Ossuary  | Found a huge runed translucent gate.
  4159 | Ossuary  | Found a huge runed translucent gate.
  4159 | Ossuary  | Found a huge runed translucent gate.
  4176 | Ossuary  | Reached skill level 5 in Fighting
  4176 | Ossuary  | Reached skill level 5 in Maces & Flails
  4176 | Ossuary  | Reached skill level 5 in Shields
  4180 | Ossuary  | Found a huge runed translucent gate.
  4180 | Ossuary  | Found a huge runed translucent gate.
  4180 | Ossuary  | Found a huge runed translucent gate.
  4180 | Ossuary  | Found a huge runed translucent gate.
  4180 | Ossuary  | Found a huge runed translucent gate.
  4212 | Ossuary  | Reached skill level 5 in Armour
  4212 | Ossuary  | Reached skill level 5 in Invocations
  4409 | D:6      | Reached XP level 9. HP: 27/54 MP: 11/13
  4780 | D:6      | Found Myzam's Antique Weapon Shop.
  4865 | D:6      | Noticed Blork the orc
  4871 | D:6      | Killed Blork the orc
  5064 | D:7      | Found a staircase to the Ecumenical Temple.
  5074 | Temple   | Entered the Ecumenical Temple
  5143 | Temple   | Became a worshipper of the Shining One
  5278 | D:7      | Reached skill level 6 in Maces & Flails
  5286 | D:7      | Reached skill level 5 in Evocations
  5602 | D:7      | Found a basalt altar of Yredelemnul.
  5833 | D:8      | Noticed a gargoyle
  5845 | D:7      | Killed a gargoyle
  6163 | D:8      | Found a runed translucent door.
  6164 | D:8      | Noticed a green ugly thing
  6164 | D:8      | Noticed Frankenspoon's ghost (novice OpBr)
  6221 | D:8      | Reached * piety under the Shining One
  6406 | D:8      | Found a glowing silver altar of Zin.
  6481 | D:8      | Found a shimmering blue altar of Sif Muna.
  6563 | D:8      | Killed Frankenspoon's ghost
  6564 | D:8      | Reached skill level 7 in Maces & Flails
  6564 | D:8      | Reached XP level 10. HP: 48/61 MP: 14/14
  6568 | D:8      | Killed a green ugly thing
  6570 | D:8      | Identified the +9 flail of the Muttering Priest {holy,
                  | *Noise Str+3 Dex+3}
  6752 | D:9      | Found a blossoming altar of Fedhas.
  7053 | D:9      | Noticed a two-headed ogre
  7059 | D:9      | Noticed a centaur warrior
  7060 | D:9      | The Shining One protects you from harm!
  7064 | D:9      | HP: 2/61 [centaur warrior/arrow (6)]
  7083 | D:9      | Demolished by a two-headed ogre

Illustrated notes

Levels and vault maps discovered:
D:1:      zaba_arrival_water, layout_basic
D:2:      layout_basic, dreamdust_ecumenical_altar_statues, serial_bayou_lake_a
D:3:      layout_loops_ring, nicolae_dithmenos_the_darkroom
D:4:      layout_loops_corners, old_standard_altar, gammafunk_ghost_arena,
          kennysheep_generic_room_16, uniq_edmund, uniq_eustachio
D:5:      layout_basic, serial_shops, shop_fountains,
          nicolae_shop_bloodbath_and_beyond, nicolae_shop_scrapyard,
          feat_on_display
D:6:      layout_basic, nicolae_ossuary_entry_plus, serial_shops,
          nicolae_shop_back_alley_shop, uniq_blork_the_orc
D:7:      layout_gridville, kennysheep_mini_moat, minmay_temple_entry_ruins
D:8:      layout_rooms, led_sif_pool, lemuel_round_altar,
          ebering_ghost_inner_flame, minivault_4
D:9:      layout_basic, mainiacjoe_overflow_24_doors, hiddenorc2_lemuel,
          ploomutoo_gammafunk_ghost_potion_laboratory, serial_rivers,
          chequers_serial_rivers_micro_e, chequers_serial_rivers_small_3,
          chequers_serial_rivers_micro_a, chequers_serial_rivers_micro_e,
          chequers_serial_rivers_micro_e, nicolae_water_bricks,
          blue_anna_alchemist, minivault_13
Temple:   minmay_temple_bridge_d

Skill      XL: |  1  2  3  4  5  6  7  8  9 |
---------------+----------------------------+-----
Invocations    | 1 2 3 4 5 6 |  6.7
Evocations     | 1 2 3 4 6 |  6.4
Maces & Flails | 3 4 5 7 |  7.5
Fighting       | 4 5 6 |  6.7
Armour         | 4 5 6 |  6.5
Shields        | 4 5 6 |  6.5

Action                     |  1- 3 |  4- 6 |  7- 9 | 10-12 || total
---------------------------+-------+-------+-------+-------++-------
  Melee: Flail             |   124 |     9 |   347 |    51 ||   531
         Dagger            |    10 |   137 |       |       ||   147
  Evoke: Wand              |       |       |     2 |       ||     2
    Use: Scroll            |     5 |     5 |     9 |     1 ||    20
         Potion            |       |     2 |     4 |     1 ||     7
 Armour: Scale mail        |   105 |    93 |    13 |       ||   211
         Chain mail        |       |       |   239 |    61 ||   300
  Dodge: Dodged            |    60 |    62 |   110 |    24 ||   256
  Block: Buckler           |    32 |    43 |    98 |    10 ||   183
